 Dungeon Crawl Stone Soup version 0.18-a0-960-g77c8fc5 (webtiles) character file.

1537 JokEr the Fighter (level 8, -2/79 HPs)
             Began as a Minotaur Fighter on Dec 31, 2015.
             Slain by Duvessa
             ... wielding a +2 rapier of freezing
              (8 damage)
             ... on level 5 of the Dungeon.
             The game lasted 00:11:26 (4944 turns).

JokEr the Fighter (Minotaur Fighter)                Turns: 4944, Time: 00:11:27

Health: -2/79      AC:  6    Str: 22      XL:     8   Next: 56%
Magic:  7/7        EV:  7    Int:  5      God:
Gold:   168        SH: 10    Dex: 10 (11) Spells: 0 memorised, 7 levels left

rFire  . . .     SeeInvis .     m - -3 falchion (curse)
rCold  . . .     Gourm    .     b - +0 scale mail
rNeg   . . .     Faith    .     c - +1 shield
rPois  .         Spirit   .     (helmet restricted)
rElec  .         Dismiss  .     (no cloak)
rCorr  .         Reflect  .     (no gloves)
SustAt .         Harm     +     (no boots)
MR     .....                    e - amulet of harm
Stlth  ..........               (no ring)
                                (no ring)

@: not resistant to hostile enchantments, extremely unstealthy
A: retaliatory headbutt, horns 2
a: no special abilities


You were on level 5 of the Dungeon.
You were not hungry.

You visited 1 branch of the dungeon, and saw 5 of its levels.

You collected 168 gold pieces.

Inventory:

Hand Weapons
 a - a +0 long sword
 m - a cursed -3 falchion (weapon)
Armour
 b - a +0 scale mail (worn)
 c - a +1 shield (worn)
Jewellery
 e - an amulet of harm (around neck)
 r - an uncursed ring of invisibility {unknown}
Wands
 h - a wand of draining (6/15)
 w - a wand of draining (10/15)
Scrolls
 p - 3 scrolls of teleportation
 s - a scroll of enchant armour
Potions
 j - 2 potions of haste
 n - a potion of cure mutation {unknown}
 q - a potion of ambrosia {unknown}
Books
 t - an Akashic Record

   Spells                             Type                      Level
   a - Dispersal                      Translocation                6
   b - Malign Gateway                 Summoning/Translocation      7
   c - Disjunction                    Translocation                8
   d - Controlled Blink               Translocation                8
Comestibles
 f - a bread ration
 g - 4 meat rations
 i - a beef jerky
 o - a slice of pizza


   Skills:
 + Level 9.6 Fighting
 + Level 9.5 Long Blades
 - Level 3.6 Armour
 - Level 3.6 Shields


You had 7 spell levels left.
You didn't know any spells.

Dungeon Overview and Level Annotations

Branches:
Dungeon (5/15)
 Temple: D:4-7

Altars:
Makhleb
Nemelex Xobeh
Pakellas
Sif Muna
Vehumet

Annotations:
D:5 Dowan, Duvessa


Innate Abilities, Weirdness & Mutations

You reflexively headbutt those who attack you in melee.
You have a pair of horns on your head.


Message History

Duvessa is almost dead.
Duvessa hits you but does no damage.
Dowan smirks and points a slender finger.
Dowan hits you but does no damage.
You closely miss Duvessa.
Duvessa is almost dead.
Duvessa hits you with a rapier of freezing.
* * * LOW HITPOINT WARNING * * *
Duvessa freezes you.
* * * LOW HITPOINT WARNING * * *
You block Dowan's attack.
You hit Duvessa but do no damage.
Duvessa is almost dead.
Duvessa hits you with a rapier of freezing!
* * * LOW HITPOINT WARNING * * *
Duvessa freezes you.
* * * LOW HITPOINT WARNING * * *
Dowan hits you but does no damage.
Duvessa hits you with a rapier of freezing!
You die...

.####...### #.....# .
##...# #.....# .## ##...#
#########††...#
...##....####.......†<....#
.#....##..##.......##(....#
.###............###########
.##..####.......#
.##.###.......####
..........##....@###
....###########.ee.# ...##
##.#.# .....# ##.†#
..##.... ... ..# #### .....
..# ......% ..# ........#
..# #........#


You could see Duvessa and Dowan.

Vanquished Creatures
  Pikel (D:4)
  Grinder (D:3)
  An ogre (D:4)
  A crimson imp (D:3)
  A quasit (D:5)
  4 orc priests
  A hound (D:4)
  A giant frog skeleton (D:4)
  Jessica (D:3)
  A centaur skeleton (D:4)
  4 iguanas
  Natasha (twice) (D:2)
  4 orc wizards
  Ijyb (D:3)
  Robin (D:4)
  3 gnolls (D:3)
  8 adders
  An ooze (D:4)
  An adder skeleton (D:5)
  A worm (D:3)
  4 giant geckos
  15 orcs
  3 giant cockroaches
  16 goblins
  10 hobgoblins
  11 jackals
  2 quokkas
  A ball python (D:4)
  7 bats
  2 giant newts
  6 kobolds
  A quokka skeleton (D:4)
  8 rats
125 creatures vanquished.

Vanquished Creatures (others)
  A quokka (D:5)
  A quokka skeleton (D:5)
2 creatures vanquished.

Grand Total: 127 creatures vanquished

Notes
Turn   | Place    | Note
--------------------------------------------------------------
     0 | D:1      | JokEr the Minotaur Fighter began the quest for the Orb.
     0 | D:1      | Reached XP level 1. HP: 19/19 MP: 0/0
   259 | D:1      | Reached XP level 2. HP: 27/27 MP: 1/1
   362 | D:1      | Reached skill level 4 in Fighting
   901 | D:2      | Reached XP level 3. HP: 33/33 MP: 2/2
  1045 | D:2      | Noticed Natasha
  1053 | D:2      | Killed Natasha
  1132 | D:2      | Reached XP level 4. HP: 25/41 MP: 3/3
  1435 | D:2      | Noticed Natasha
  1444 | D:2      | Killed Natasha
  1444 | D:2      | Reached skill level 5 in Fighting
  1826 | D:3      | Noticed Ijyb
  1829 | D:3      | Killed Ijyb
  1829 | D:3      | Reached skill level 5 in Long Blades
  1829 | D:3      | Reached XP level 5. HP: 48/48 MP: 4/4
  2092 | D:3      | Noticed Jessica
  2136 | D:3      | Killed Jessica
  2136 | D:3      | Reached skill level 6 in Fighting
  2136 | D:3      | Reached XP level 6. HP: 35/57 MP: 5/5
  2339 | D:3      | Found a burning altar of Makhleb.
  2340 | D:3      | Found a radiant altar of Vehumet.
  2417 | D:3      | Noticed Grinder
  2444 | D:3      | Killed Grinder
  2444 | D:3      | Reached skill level 7 in Fighting
  2444 | D:3      | Reached XP level 7. HP: 24/66 MP: 6/6
  3425 | D:4      | Reached skill level 8 in Fighting
  3475 | D:4      | Noticed Robin
  3514 | D:4      | Killed Robin
  4120 | D:4      | Found an oddly glowing altar of Pakellas.
  4120 | D:4      | Found a sparkling altar of Nemelex Xobeh.
  4121 | D:4      | Found a deep blue altar of Sif Muna.
  4264 | D:5      | Entered Level 5 of the Dungeon
  4281 | D:5      | Reached XP level 8. HP: 64/75 MP: 7/7
  4522 | D:5      | Noticed Pikel
  4568 | D:4      | Killed Pikel
  4568 | D:4      | Reached skill level 9 in Fighting
  4921 | D:5      | Noticed Duvessa
  4921 | D:5      | Noticed Dowan
  4944 | D:5      | Slain by Duvessa

Vault maps used:
D:1:      eino_arrival_water_cross
D:2:      nrook_mini_backslash, grunt_ministairs_4, roderic_lattice_a,
          uniq_natasha
D:3:      grunt_temple_overflow_lords_of_destruction, uniq_jessica,
          uniq_grinder, uniq_iyjb
D:4:      gammafunk_temple_overflow_claw, uniq_robin
D:5:      first_bread, uniq_pikel, uniq_duvessa

Action                   |  1- 3 |  4- 6 |  7- 9 || total
-------------------------+-------+-------+-------++-------
Melee: Long sword        |    71 |     1 |       ||    72
       Falchion          |       |   152 |   326 ||   478
  Use: Scroll            |     3 |     3 |     4 ||    10
       Potion            |       |     2 |     3 ||     5
  Eat: Chunk             |       |     5 |     8 ||    13
       Bread ration      |       |       |     1 ||     1
